 Dungeon Crawl Stone Soup version 0.23-a0-108-gf7ee2ed (webtiles) character file.

1187 Amnesiac the Gusty (level 8, 0/52 HPs)
             Began as a Mummy Air Elementalist on Aug 21, 2018.
             Was a Believer of Dithmenos.
             Shot with an arrow by a centaur (2 damage)
             ... on level 5 of the Dungeon on Aug 22, 2018.
             The game lasted 00:07:56 (4499 turns).

Amnesiac the Gusty (Mummy Air Elementalist)         Turns: 4499, Time: 00:07:57

Health: 0/52       AC:  3    Str: 11    XL:     8   Next: 19%
Magic:  8/18       EV: 12    Int: 16    God:    Dithmenos [**....]
Gold:   175        SH:  0    Dex: 13    Spells: 9/21 levels left

rFire    x . .     SeeInvis .   q - +0 great sword
rCold    + . .     Gourm    .   (shield currently unavailable)
rNeg     + + +     Faith    .   p - +0 robe (curse)
rPois    ∞         Spirit   .   o - +0 helmet
rElec    .         Reflect  .   (no cloak)
rCorr    .         Harm     +   (no gloves)
MR       +....                  (no boots)
Stlth    ++........             f - amulet of harm
HPRegen  0.17/turn              (no ring)
MPRegen  0.16/turn              (no ring)

@: wreathed by umbra
A: no food or potions, fire vulnerability, cold resistance 1, negative energy
resistance 3, torment resistance, unbreathing
a: Shadow Step, Renounce Religion


You were on level 5 of the Dungeon.
You worshipped Dithmenos.
Dithmenos was pleased with you.
You were not hungry.

You visited 1 branch of the dungeon, and saw 5 of its levels.

You collected 175 gold pieces.

Inventory:

Hand Weapons
 b - a +0 hunting sling
 c - a +0 short sword
 q - a +0 great sword (weapon)
Missiles
 a - 4 curare-tipped needles
 e - 173 stones (quivered)
 n - 20 sling bullets
Armour
 o - a +0 helmet (worn)
 p - a cursed +0 robe (worn)
Jewellery
 f - an amulet of harm (around neck)
 r - an uncursed ring of protection from cold {unknown}
Wands
 s - a wand of iceblast (9)
Scrolls
 d - 6 scrolls of identify {!r, unknown}
 g - a scroll of magic mapping {!r, unknown}
 h - 4 scrolls of teleportation {!r, unknown}
 i - a scroll of noise {!r, unknown}
 j - a scroll of remove curse {!r, unknown}
 k - 5 scrolls of amnesia {!r, unknown}
 l - a scroll of blinking {!r, unknown}
 m - a scroll of enchant armour {!r, unknown}
 t - a scroll of fear {!r, unknown}


   Skills:
 - Level 1.5 Dodging
 - Level 1.5 Stealth
 + Level 7.1 Spellcasting
 - Level 0.7 Conjurations
 * Level 7.2 Air Magic


You had 9 spell levels left.
You knew the following spells:

 Your Spells              Type           Power        Failure   Level  Hunger
a - Airstrike             Air            ####......   6%          4    N/A
d - Lightning Bolt        Conj/Air       ###.......   54%         5    N/A
e - Shock                 Conj/Air       ###.         2%          1    N/A
z - Swiftness             Chrm/Air       ###.....     4%          2    N/A

Your spell library contained the following spells:

 Spells                   Type           Power        Failure   Level  Hunger
 Static Discharge         Conj/Air       ###.....     7%          3    N/A

Dungeon Overview and Level Annotations

Branches:
Dungeon (5/15)
 Temple: D:4-7

Altars:
Dithmenos
Fedhas
Sif Muna
Wu Jian
Xom
Yredelemnul
Zin
The Shining One


Innate Abilities, Weirdness & Mutations

You do not eat or drink.
Your flesh is vulnerable to fire.
You are immune to poison.
Your flesh is cold resistant. (rC+)
You are immune to negative energy. (rN+++)
You are immune to unholy pain and torment.
You can survive without breathing.


Message History

Casting: Shock (safe; 2% risk of failure)
Confirm with . or Enter, or press ? or * to list all spells.
Aiming: Shock (safe; 2% risk of failure)
Press: ? - help, Shift-Dir - straight line The zap hits the worker ant.
The worker ant is almost dead.
The zap hits the worker ant.
You kill the worker ant!
Dithmenos accepts your kill.
Casting: Shock (safe; 2% risk of failure)
Confirm with . or Enter, or press ? or * to list all spells.
Aiming: Shock (safe; 2% risk of failure)
Press: ? - help, Shift-Dir - straight line The zap hits the worker ant.
The worker ant is almost dead.
The zap misses the worker ant.
The worker ant closely misses you.
Casting: Shock (safe; 2% risk of failure)
Confirm with . or Enter, or press ? or * to list all spells.
Aiming: Shock (safe; 2% risk of failure)
Press: ? - help, Shift-Dir - straight line, f - worker ant
Aim: a worker ant (almost dead, umbra)
The zap misses the worker ant.
The worker ant bites you but does no damage.
The worker ant bites you. The worker ant closely misses you.
The worker ant misses you.
You riposte.
You hit the worker ant.
You kill the worker ant!
Dithmenos accepts your kill.
Casting: Shock (safe; 2% risk of failure)
Confirm with . or Enter, or press ? or * to list all spells.
You can't see any susceptible monsters within range! (Use Z to cast anyway.) Unknown command.
Found a scale mail.
An adder and a centaur come into view.
The centaur shouts!
There are monsters nearby!
There are monsters nearby!
There are monsters nearby!
The centaur wields a shortbow.
The centaur shoots an arrow.
The arrow hits you!
The centaur shoots an arrow.
The arrow hits you!
* * * LOW HITPOINT WARNING * * *
You see here 2 arrows.
You start resting.
The centaur is too close now for your liking.
Casting: Shock (safe; 2% risk of failure)
Confirm with . or Enter, or press ? or * to list all spells.
Aiming: Airstrike (safe; 6% risk of failure)
Press: ? - help, Dir - move target cursor, f - centaur
Aim: a centaur, wielding a shortbow The air twists around and strikes the centaur!
The centaur is heavily wounded.
The centaur shoots an arrow.
The arrow hits you!
* * * LOW HITPOINT WARNING * * *
Casting: Airstrike (safe; 6% risk of failure)
Confirm with . or Enter, or press ? or * to list all spells.
Aiming: Airstrike (safe; 6% risk of failure)
Press: ? - help, Dir - move target cursor, f/p - centaur
Aim: a centaur, wielding a shortbow (heavily wounded)
The air twists around and strikes the centaur!
The centaur is almost dead.
The centaur shoots an arrow.
The arrow hits you.
* * * LOW HITPOINT WARNING * * *
The centaur shoots an arrow.
The arrow hits you.
You die...

... .⌠[ ...
######.######
...#...#$.. S..⌠$..
#.c.# ######.##
#..@#(..# #.⌠...cS#
#...#...# ##.######
# #.# ## #.# #####.
#.# #....#
#.############.#o##
#...............##


You could see a centaur and an adder.

Vanquished Creatures
  Grinder (D:3)
  Sigmund (D:4)
  Menkaure (D:4)
  A necrophage (D:5)
  2 centaurs (D:5)
  A scorpion (D:5)
  3 orc priests (D:5)
  2 orc wizards (D:5)
  3 worker ants (D:5)
  Robin (D:4)
  6 adders
  A shadow imp (D:5)
  2 oozes
  An adder skeleton (D:5)
  2 worms
  5 leopard geckos
  11 orcs
  2 ball pythons (D:4)
  20 goblins
  10 hobgoblins
  4 jackals (D:1)
  4 kobolds
  5 bats
  8 frilled lizards
  A leopard gecko skeleton (D:4)
  2 rats
100 creatures vanquished.

Notes
Turn   | Place    | Note
-------+----------+-------------------------------------------
     0 | D:1      | Amnesiac the Mummy Air Elementalist began the quest for the Orb.
     0 | D:1      | Reached XP level 1. HP: 13/13 MP: 4/4
   269 | D:1      | Reached XP level 2. HP: 15/19 MP: 0/5
   462 | D:2      | Learned a level 2 spell: Swiftness
   615 | D:2      | Reached XP level 3. HP: 24/24 MP: 4/7
  1030 | D:2      | Found a blossoming altar of Fedhas.
  1177 | D:2      | Found a shadowy altar of Dithmenos.
  1193 | D:2      | Became a worshipper of Dithmenos the Shadowed
  1196 | D:2      | Reached XP level 4. HP: 23/30 MP: 5/9
  1202 | D:2      | Learned a level 4 spell: Airstrike
  1830 | D:2      | Found a shadowy altar of Dithmenos.
  1834 | D:2      | Found a glowing silver altar of Zin.
  1834 | D:2      | Found a shimmering altar of Xom.
  1837 | D:2      | Found a glowing golden altar of the Shining One.
  1837 | D:2      | Found a basalt altar of Yredelemnul.
  1837 | D:2      | Found a hazy altar of Hepliaklqana.
  2099 | D:3      | Found an ornate altar of the Wu Jian Council.
  2574 | D:3      | Noticed Grinder
  2598 | D:3      | Paralysed by Grinder for 3 turns
  2606 | D:3      | Killed Grinder
  2606 | D:3      | Reached skill level 5 in Spellcasting
  2606 | D:3      | Reached skill level 5 in Air Magic
  2606 | D:3      | Reached XP level 5. HP: 23/35 MP: 0/12
  2606 | D:3      | Reached XP level 6. HP: 27/41 MP: 0/13
  2772 | D:4      | Noticed Menkaure
  2790 | D:4      | Killed Menkaure
  2932 | D:4      | Reached * piety under Dithmenos
  3118 | D:4      | Noticed Sigmund
  3163 | D:4      | HP: 1/41 [something (15)]
  3164 | D:4      | Killed Sigmund
  3164 | D:4      | Reached XP level 7. HP: 1/46 MP: 3/15
  3568 | D:4      | Noticed Robin
  3583 | D:4      | Killed Robin
  3728 | D:5      | Entered Level 5 of the Dungeon
  3809 | D:5      | Found a deep blue altar of Sif Muna.
  3943 | D:5      | HP: 2/46 [something (7)]
  4225 | D:5      | Learned a level 5 spell: Lightning Bolt
  4362 | D:5      | Reached XP level 8. HP: 44/52 MP: 5/18
  4373 | D:5      | Reached ** piety under Dithmenos
  4499 | D:5      | HP: 2/52 [centaur/arrow (1)]
  4499 | D:5      | Shot with an arrow by a centaur

Vault maps used:
D:1:      evilmike_arrival_crescent
D:2:      lemuel_doored_altar, lemuel_crystal_altar, doesnt_xom_only_xom
D:3:      overflow_temple_1_default, item_on_display_a, uniq_grinder
D:4:      first_ration, kennysheep_generic_room_14, uniq_sigmund, uniq_menkaure,
          uniq_robin
D:5:      overflow_temple_1_default, minmay_temple_entry_nine_rooms, uniq_edmund

Skill      XL: |  1  2  3  4  5  6  7  8 |
---------------+-------------------------+-----
Air Magic      | 3 5 6 7 |  7.2
Spellcasting   | 3 5 6 7 |  7.1
Dodging        | |  1.5
Stealth        | |  1.5
Conjurations   | |  0.7

Action                   |  1- 3 |  4- 6 |  7- 9 || total
-------------------------+-------+-------+-------++-------
Melee: Unarmed           |     8 |       |       ||     8
       Short sword       |     1 |       |       ||     1
       Great sword       |       |       |     5 ||     5
 Fire: Hunting sling     |     6 |    43 |       ||    49
 Cast: Shock             |    65 |    66 |    67 ||   198
       Airstrike         |       |     2 |    12 ||    14
Armor: Robe              |     5 |     2 |     6 ||    13
Dodge: Dodged            |    35 |    24 |    30 ||    89
       Rpst.: Great sword |       |       |     8 ||     8

Table legend:
 A = Non-vault XP
 B = Vault XP
 C = Vault XP percentage of total XP
 D = Non-vault monster count
 E = Vault monster count
 F = Vault count percentage of total count
                 A         B        C        D         E       F
            +---------+---------+-------+---------+---------+-------
      Total |     961 |     736 |  43.4 |      85 |      15 |  15.0
            +---------+---------+-------+---------+---------+-------
        D:1 |      27 |       0 |   0.0 |      15 |       0 |   0.0
        D:2 |      80 |       0 |   0.0 |      23 |       0 |   0.0
        D:3 |      72 |     281 |  79.6 |      17 |       1 |   5.6
        D:4 |      16 |     455 |  96.6 |       6 |      14 |  70.0
        D:5 |     766 |       0 |   0.0 |      24 |       0 |   0.0
            +---------+---------+-------+---------+---------+-------
